[Event "Titled Tuesday Blitz April 19 Late 2022"]
[White "Jarocka, Liwia"]
[Black "Riehle, Marco"]
[WhiteFideId "21807558"]
[BlackFideId "12904392"]
[WhiteElo "1896"]
[BlackElo "2462"]
[Result "1/2-1/2"]
[Round "07"]
[TimeControl "180+1"]
[Date "2022.04.19"]
[WhiteClock "0:01:04"]
[BlackClock "0:01:33"]

1. e4 e5 2. Nf3 Nf6 3. Nc3 Nc6 4. Bb5 Bc5 5. Nxe5 O-O 6. Bxc6 dxc6 7. O-O Re8 8. Nd3 Bg4 9. Qe1 Bd4 10. h3 Bh5 11. Nf4 Bxc3 12. Nxh5 Nxh5 13. dxc3 Qh4 14. f3 Ng3 15. Be3 f5 16. Bf2 f4 17. Bxg3 fxg3 18. Rd1 Rad8 19. Qe3 Qh5 20. Rd3 Rxd3 21. cxd3 Qg6 22. f4 h5 23. f5 Qd6 24. d4 h4 25. Qf4 Qd8 26. e5 c5 27. f6 gxf6 28. exf6 Kf7 29. Qxh4 Rh8 30. Qxg3 Rg8 31. Qf2 Qd5 32. dxc5 b6 33. cxb6 axb6 34. a3 Rg6 35. Kh1 Rh6 36. Qf3 Qc4 37. b4 Rg6 38. a4 Rg5 39. Qf4 Qxf4 40. Rxf4 Rd5 41. Rc4 Kxf6 42. Rxc7 Ke5 43. Rc6 Kf4 44. Kh2 Ke3 45. Rxb6 Kd3 46. a5 Kxc3 47. a6 Rd2 48. a7 Ra2 49. Rb7 Kb2 50. b5 Ra3 51. b6 Rb3 52. a8=Q Kb1 53. Qg8 Kb2 54. Qxb3+ Ka1 55. Rc7 1/2-1/2


[Site "https://www.chess.com"]

[Event "Titled Tuesday Blitz April 19 Late 2022"]
[White "Jessel, Stephen"]
[Black "Demchenko, Anton"]
[WhiteFideId "628859"]
[BlackFideId "4160258"]
[WhiteElo "2268"]
[BlackElo "2539"]
[Result "1/2-1/2"]
[Round "07"]
[TimeControl "180+1"]
[Date "2022.04.19"]
[WhiteClock "0:00:09"]
[BlackClock "0:00:05"]

1. Nf3 Nf6 2. c4 d6 3. g3 g6 4. b4 Bg7 5. Bb2 e5 6. Bg2 O-O 7. O-O Re8 8. d3 Nbd7 9. Nbd2 a5 10. a3 Nf8 11. Qc2 Bd7 12. c5 Bc6 13. Nc4 axb4 14. axb4 Rxa1 15. Rxa1 e4 16. Nd4 Bd5 17. cxd6 exd3 18. Qxd3 Bxg2 19. Kxg2 cxd6 20. Nb5 d5 21. Ncd6 Re7 22. Ra7 Rd7 23. Nxb7 Qb6 24. Bd4 Qc6 25. Na5 Qe6 26. Ra8 Ne4 27. f3 Ng5 28. g4 h5 29. h3 hxg4 30. hxg4 Nh7 31. Nb3 Re7 32. Nc3 Qc6 33. Bc5 Rxe2+ 34. Nxe2 Qxa8 35. Nf4 Qa2+ 36. Kg3 Be5 37. Qxd5 Qe2 38. Qe4 Qxe4 39. fxe4 g5 40. Be3 gxf4+ 41. Bxf4 Bxf4+ 42. Kxf4 Ne6+ 43. Ke5 Nhf8 44. Kd6 Ng6 45. b5 Ngf4 46. b6 Nd8 47. Nc5 Kg7 48. Kd7 Nfe6 49. Nxe6+ Nxe6 50. b7 Nc5+ 51. Kc6 Na6 52. Kb6 Nb8 53. Kc7 Na6+ 54. Kb6 Nb8 55. Kc7 Na6+ 56. Kb6 1/2-1/2


[Site "https://www.chess.com"]

[Event "Titled Tuesday Blitz April 19 Late 2022"]
[White "Jimenez Fernandez, Rebeca"]
[Black "Araujo Filho, Luiz Antonio Coel"]
[WhiteFideId "32070934"]
[BlackFideId "2130661"]
[WhiteElo "1853"]
[BlackElo "2311"]
[Result "0-1"]
[Round "07"]
[TimeControl "180+1"]
[Date "2022.04.19"]
[WhiteClock "0:01:31"]
[BlackClock "0:01:24"]

1. e4 c6 2. d4 d5 3. Nc3 dxe4 4. Nxe4 Nf6 5. Nxf6+ exf6 6. c3 Bd6 7. Bd3 O-O 8. Qc2 Re8+ 9. Ne2 h6 10. Be3 Nd7 11. O-O-O Nf8 12. c4 b6 13. Nc3 Qc7 14. c5 bxc5 15. dxc5 Be5 16. Ne4 Rb8 17. b3 Be6 18. Nd6 Red8 19. Bc4 Qa5 20. f4 Bxd6 21. Rxd6 Qa3+ 22. Kb1 Rxd6 23. cxd6 Rb4 24. Rd1 Bxc4 25. Qxc4 Rxc4 26. bxc4 Qxe3 27. d7 Nxd7 28. Rxd7 Qxf4 0-1


[Site "https://www.chess.com"]

[Event "Titled Tuesday Blitz April 19 Late 2022"]
[White "Jobava, Baadur"]
[Black "Bacrot, Etienne"]
[WhiteFideId "13601520"]
[BlackFideId "605506"]
[WhiteElo "2617"]
[BlackElo "2673"]
[Result "0-1"]
[Round "07"]
[TimeControl "180+1"]
[Date "2022.04.19"]
[WhiteClock "0:00:15"]
[BlackClock "0:00:17"]

1. e4 c5 2. Nf3 d6 3. d4 cxd4 4. Nxd4 Nf6 5. f3 Nc6 6. c4 e6 7. Nc3 Be7 8. Be3 O-O 9. Qd2 d5 10. exd5 exd5 11. O-O-O Ne5 12. Qc2 dxc4 13. Nc6 bxc6 14. Rxd8 Rxd8 15. Kb1 Nd3 16. g4 Rb8 17. Na4 Nd5 18. Bxa7 Rb7 19. Bd4 N5b4 20. Qc3 Be6 21. Bxd3 cxd3 22. b3 Nxa2 23. Qxc6 Rxb3+ 24. Bb2 Bf6 25. Ka1 Nb4 26. Qe4 Nc2+ 27. Kb1 Rdb8 28. Kc1 Bxb2+ 29. Nxb2 Rxb2 30. Rd1 Rb1+ 31. Kd2 Rxd1+ 32. Kxd1 Rd8 33. Kd2 h6 34. h3 Nd4 35. f4 Nb3+ 36. Kd1 d2 37. f5 Bd5 38. Qe5 Rc8 39. Ke2 Bf3+ 0-1


[Site "https://www.chess.com"]

[Event "Titled Tuesday Blitz April 19 Late 2022"]
[White "Joubert, Dantelle"]
[Black "Karwowski, Kacper"]
[WhiteFideId "14310813"]
[BlackFideId "1126032"]
[WhiteElo "1507"]
[BlackElo "2261"]
[Result "0-1"]
[Round "07"]
[TimeControl "180+1"]
[Date "2022.04.19"]
[WhiteClock "0:00:01"]
[BlackClock "0:00:09"]

1. Nf3 Nf6 2. c4 c6 3. d4 d5 4. cxd5 cxd5 5. Nc3 Nc6 6. Bf4 e6 7. e3 Bd6 8. Bg3 O-O 9. Bd3 b6 10. Rc1 Bb7 11. O-O Bxg3 12. hxg3 Qd6 13. a3 Na5 14. Nb5 Qd8 15. Ne5 a6 16. Nc7 Ra7 17. Qe2 b5 18. Nxb5 axb5 19. Bxb5 Qb6 20. b4 Nc4 21. Bxc4 dxc4 22. g4 Ba6 23. Rfd1 Bb5 24. Qb2 Rfa8 25. g5 Ne8 0-1


[Site "https://www.chess.com"]

[Event "Titled Tuesday Blitz April 19 Late 2022"]
[White "Kaganskiy, Gleb"]
[Black "Golubev, Mikhail"]
[WhiteFideId "4132025"]
[BlackFideId "14100983"]
[WhiteElo "2165"]
[BlackElo "2374"]
[Result "0-1"]
[Round "07"]
[TimeControl "180+1"]
[Date "2022.04.19"]
[WhiteClock "0:00:09"]
[BlackClock "0:00:07"]

1. e4 g6 2. d4 Bg7 3. Nc3 d6 4. Nf3 a6 5. Be2 b5 6. a4 b4 7. Nd5 Bb7 8. c4 a5 9. b3 e6 10. Ne3 Bxe4 11. O-O Ne7 12. Bb2 O-O 13. Nd2 Bb7 14. Rc1 c5 15. Nf3 Nbc6 16. Nc2 Nf5 17. Rb1 cxd4 18. Ncxd4 Ncxd4 19. Nxd4 Qg5 20. Nf3 Bxf3 21. Bxf3 Rad8 22. Bxg7 Nxg7 23. Qc2 Nf5 24. g3 Nd4 25. Qd3 Qd2 26. Rbd1 Qxd3 27. Rxd3 Nxf3+ 28. Rxf3 d5 29. cxd5 Rxd5 30. Rc1 Rfd8 31. Rc7 R8d7 32. Rc8+ Kg7 33. Ra8 Rc7 34. h4 h5 35. Kg2 Rdc5 36. Ra6 e5 37. Re3 f6 38. Rf3 f5 39. Rd3 Kh7 40. Rdd6 Rg7 41. Ra8 e4 42. Rdd8 Rf7 43. Rh8+ Kg7 44. Rag8+ Kf6 45. Rh6 Rc3 46. Rgxg6+ Ke7 47. Re6+ Kf8 48. Ra6 Rxb3 49. Rxa5 Rb2 50. Rxh5 e3 51. Rhxf5 Rxf2+ 52. Rxf2 Rxf2+ 53. Kh3 b3 54. Rb5 b2 55. a5 e2 56. Rb8+ Ke7 57. Rb7+ Kd6 58. a6 e1=Q 59. a7 Qh1+ 60. Kg4 Qf3+ 61. Kh3 Qf5+ 62. g4 Qf3# 0-1


[Site "https://www.chess.com"]

[Event "Titled Tuesday Blitz April 19 Late 2022"]
[White "Kamsky, Gata"]
[Black "Esipenko, Andrey"]
[WhiteFideId "2000024"]
[BlackFideId "24175439"]
[WhiteElo "2645"]
[BlackElo "2617"]
[Result "1-0"]
[Round "07"]
[TimeControl "180+1"]
[Date "2022.04.19"]
[WhiteClock "0:00:29"]
[BlackClock "0:00:01"]

1. e4 e5 2. Nf3 Nc6 3. Bb5 Nf6 4. O-O Nxe4 5. Re1 Nd6 6. Nxe5 Be7 7. Bf1 Nf5 8. c3 Nxe5 9. Rxe5 d6 10. Re1 O-O 11. d4 d5 12. Nd2 c6 13. Nf3 Bd6 14. Bd3 f6 15. Qc2 g6 16. Bd2 Bd7 17. Re2 Re8 18. Rae1 Rxe2 19. Rxe2 Qc7 20. h3 Kf7 21. c4 Re8 22. Rxe8 Kxe8 23. Qb3 Qb6 24. Qxb6 axb6 25. cxd5 cxd5 26. Bc3 Ng7 27. Ne1 Bf5 28. Bb5+ Ke7 29. Nd3 Ne6 30. Nb4 Nc7 31. Be2 Ke6 32. a3 h5 33. g4 hxg4 34. hxg4 Bb1 35. Bd2 g5 36. Kg2 Be4+ 37. f3 Bb1 38. Kf2 Bg6 39. Na2 Kd7 40. Nc3 Kc6 41. Be3 Bc2 42. Ke1 b5 43. Kd2 Bb3 44. Bd3 b4 45. axb4 Bxb4 46. f4 Be7 47. fxg5 fxg5 48. Ne2 Ne6 49. Ng3 Bf6 50. Nf5 Nf4 51. Bc2 Bc4 52. Ba4+ b5 53. Bc2 b4 54. b3 Bf1 55. Bd1 Bg2 56. Bc2 Ne6 57. Bd3 Bf3 58. Be2 Be4 59. Bd3 Nf4 60. Bc2 Kd7 61. Ng3 Bf3 62. Bd1 Bg2 63. Nh5 Ke6 64. Bxf4 Bxd4 65. Bxg5 Bc3+ 66. Ke2 d4 67. Nf4+ 1-0


[Site "https://www.chess.com"]

[Event "Titled Tuesday Blitz April 19 Late 2022"]
[White "Kazakouski, Valery"]
[Black "Keymer, Vincent"]
[WhiteFideId "13507443"]
[BlackFideId "12940690"]
[WhiteElo "2524"]
[BlackElo "2557"]
[Result "0-1"]
[Round "07"]
[TimeControl "180+1"]
[Date "2022.04.19"]
[WhiteClock "0:01:04"]
[BlackClock "0:00:20"]

1. d4 Nf6 2. c4 e6 3. Nc3 Bb4 4. f3 d5 5. a3 Bd6 6. e4 dxe4 7. fxe4 e5 8. d5 O-O 9. b4 b6 10. Nf3 a5 11. Rb1 axb4 12. axb4 Na6 13. b5 Nc5 14. Qc2 Bg4 15. Be2 Qd7 16. O-O Nfxe4 17. Nxe4 Nxe4 18. Qxe4 Bf5 19. Nxe5 Bxe4 20. Nxd7 Bxb1 21. Nxf8 Kxf8 22. Bb2 Be4 23. Ra1 Re8 24. Bf1 Bc5+ 25. Kh1 f6 26. Re1 Bxg2+ 0-1


[Site "https://www.chess.com"]

[Event "Titled Tuesday Blitz April 19 Late 2022"]
[White "Koc, Przemyslaw"]
[Black "Yedidia, Daniel"]
[WhiteFideId "1109081"]
[BlackFideId "30905907"]
[WhiteElo "2141"]
[BlackElo "2618"]
[Result "0-1"]
[Round "07"]
[TimeControl "180+1"]
[Date "2022.04.19"]
[WhiteClock "0:02:27"]
[BlackClock "0:02:08"]

1. d4 Nf6 2. Nf3 b6 3. c4 e6 4. a3 Bb7 5. Bg5 Be7 6. Nc3 d5 7. e3 O-O 8. b4 dxc4 9. Bxc4 Nbd7 10. O-O c5 11. dxc5 bxc5 12. b5 Nb6 13. Be2 Nfd5 14. Bxe7 Qxe7 15. Qc2 Rfd8 16. a4 Nb4 17. Qb2 N6d5 18. a5 Rac8 19. Rfd1 Qf6 20. Rab1 Nxc3 0-1


[Site "https://www.chess.com"]

[Event "Titled Tuesday Blitz April 19 Late 2022"]
[White "Kohler, Aran"]
[Black "Mangialardo, Tiago Carvalho"]
[WhiteFideId "1002856"]
[BlackFideId "2130718"]
[WhiteElo "2291"]
[BlackElo "2055"]
[Result "1-0"]
[Round "07"]
[TimeControl "180+1"]
[Date "2022.04.19"]
[WhiteClock "0:00:16"]
[BlackClock "0:00:03"]

1. d4 d5 2. Nf3 Nf6 3. Bg5 e6 4. Nbd2 Be7 5. c3 O-O 6. Bxf6 Bxf6 7. e4 dxe4 8. Nxe4 Nd7 9. Nxf6+ Nxf6 10. Bd3 b6 11. O-O Bb7 12. Re1 Rc8 13. a4 Re8 14. Bb5 c6 15. Bf1 c5 16. a5 Qc7 17. axb6 axb6 18. dxc5 Qxc5 19. Ra4 Red8 20. Rd4 Rd5 21. Rxd5 Bxd5 22. Ne5 Ne4 23. Nd3 Qc7 24. Qg4 Nf6 25. Qf4 Kf8 26. Qb4+ Kg8 27. Nf4 Bb7 28. g3 Nd5 29. Nxd5 Bxd5 30. Bg2 Bxg2 31. Kxg2 e5 32. Qe4 f6 33. Qd5+ Qf7 34. Rd1 Qxd5+ 35. Rxd5 Rc7 36. Rb5 Rb7 37. c4 Kf8 38. c5 Ke8 39. c6 Rc7 40. Rxb6 Ke7 41. b4 Kd6 42. b5 g6 43. h4 f5 44. Kf3 h6 45. Ke3 g5 46. hxg5 hxg5 47. g4 fxg4 48. Ke4 Ke6 49. Rb7 Kd6 50. Rxc7 Kxc7 51. Kxe5 Kb6 52. Kf5 g3 53. fxg3 1-0


[Site "https://www.chess.com"]

[Event "Titled Tuesday Blitz April 19 Late 2022"]
[White "Kollars, Dmitrij"]
[Black "Czopor, Maciej"]
[WhiteFideId "12909572"]
[BlackFideId "21805431"]
[WhiteElo "2584"]
[BlackElo "1999"]
[Result "1-0"]
[Round "07"]
[TimeControl "180+1"]
[Date "2022.04.19"]
[WhiteClock "0:02:41"]
[BlackClock "0:02:00"]

1. Nf3 c6 2. d4 Nf6 3. Bg5 g6 4. Bxf6 exf6 5. g3 Bg7 6. Bg2 O-O 7. c4 d6 8. Kf1 f5 9. e3 a6 10. Nc3 b5 11. b3 Bb7 12. Nd2 Nd7 13. h4 Qa5 14. Qc2 Rab8 15. h5 bxc4 16. Nxc4 Qc7 17. hxg6 fxg6 18. Rc1 d5 19. Nb2 Qd6 20. Nd3 a5 21. Na4 Ba6 22. Kg1 Bb5 23. Nac5 Nxc5 24. Nxc5 h5 25. a4 1-0


[Site "https://www.chess.com"]

[Event "Titled Tuesday Blitz April 19 Late 2022"]
[White "Korchmar, Vasiliy"]
[Black "Sernecki, Franciszek"]
[WhiteFideId "24131750"]
[BlackFideId "1169297"]
[WhiteElo "2370"]
[BlackElo "2165"]
[Result "0-1"]
[Round "07"]
[TimeControl "180+1"]
[Date "2022.04.19"]
[WhiteClock "0:00:25"]
[BlackClock "0:00:08"]

1. d4 Nf6 2. Bf4 c5 3. d5 d6 4. Nc3 e5 5. Bg3 Be7 6. e4 O-O 7. Nf3 Nh5 8. Nd2 Nf4 9. Qf3 Bg5 10. Bc4 h5 11. h3 h4 12. Bh2 Nd7 13. Nf1 Qb6 14. Bb3 c4 15. Ba4 Nc5 16. Ne3 Qxb2 17. Bxf4 Qxc3+ 18. Ke2 exf4 19. Bb5 fxe3 20. fxe3 Qxc2+ 21. Kf1 Nxe4 22. Kg1 a6 23. Kh2 axb5 24. Rac1 Qd3 25. Rhe1 Rxa2 26. Rcd1 Rd2 27. Ra1 Qxd5 28. Ra8 Qe5+ 29. Kg1 Qg3 30. Rf1 Bxe3+ 31. Kh1 Nf2+ 32. Rxf2 Rxf2 33. Qxf7+ Kxf7 34. Ra1 Kg8 35. Rg1 Rf1 36. Rxf1 Rxf1# 0-1


[Site "https://www.chess.com"]

[Event "Titled Tuesday Blitz April 19 Late 2022"]
[White "Kozak, Adam"]
[Black "Gledura, Benjamin"]
[WhiteFideId "753246"]
[BlackFideId "712779"]
[WhiteElo "2459"]
[BlackElo "2326"]
[Result "0-1"]
[Round "07"]
[TimeControl "180+1"]
[Date "2022.04.19"]
[WhiteClock "0:00:01"]
[BlackClock "0:00:09"]

1. Nf3 d5 2. b3 c5 3. Bb2 f6 4. g3 e5 5. Bg2 Nc6 6. O-O Be6 7. a3 Bd6 8. b4 cxb4 9. axb4 Bxb4 10. d4 e4 11. Nfd2 Nge7 12. c4 f5 13. Nc3 O-O 14. c5 Nxd4 15. Na4 Ndc6 16. Nb3 d4 17. Nxd4 Nxd4 18. Bxd4 Nc6 19. e3 Nxd4 20. exd4 Bd5 21. Qc2 b5 22. Rfb1 a5 23. Nb6 Rb8 24. Rc1 Kh8 25. Bf1 Rxb6 26. cxb6 Qxb6 27. Qc7 Qxd4 28. Rd1 Qf6 29. Bxb5 Bb3 30. Rf1 h6 31. Rac1 Qg5 32. Bc4 Bxc4 33. Qxc4 e3 34. fxe3 Qxe3+ 35. Kg2 Rd8 36. Rxf5 Rd4 37. Qc6 Rd2+ 38. Kh3 Qe2 39. Rcf1 Qxh2+ 40. Kg4 Qe2+ 41. Kh3 Qh2+ 42. Kg4 Rd4+ 43. R5f4 h5+ 44. Kf5 Rd6 45. Qe8+ Kh7 46. Rh4 Rf6+ 47. Kg5 Qxg3+ 48. Kxh5 Rh6# 0-1


[Site "https://www.chess.com"]

[Event "Titled Tuesday Blitz April 19 Late 2022"]
[White "Koziorowicz, Michal"]
[Black "Urbina Perez, Juan Antonio"]
[WhiteFideId "21809194"]
[BlackFideId "2217368"]
[WhiteElo "2235"]
[BlackElo "2192"]
[Result "1-0"]
[Round "07"]
[TimeControl "180+1"]
[Date "2022.04.19"]
[WhiteClock "0:00:45"]
[BlackClock "0:00:47"]

1. Nc3 d5 2. d4 c6 3. Qd3 g6 4. h4 h5 5. Nf3 Bf5 6. e4 dxe4 7. Nxe4 Nd7 8. Nfg5 Ngf6 9. Qb3 Qa5+ 10. Bd2 Qd5 11. Bc4 Qxd4 12. Bxf7+ Kd8 13. Be3 Qe5 14. O-O-O Nxe4 15. Ne6+ Bxe6 16. Bxe6 Nf6 17. Qxb7 Rb8 18. Rxd7+ Ke8 19. Qxc6 Qxb2+ 20. Kd1 Qb1+ 21. Bc1 Rd8 22. Rxd8+ Kxd8 23. Qc8# 1-0


[Site "https://www.chess.com"]

[Event "Titled Tuesday Blitz April 19 Late 2022"]
[White "Krishnakumar, Sriram"]
[Black "Balint, Vilmos"]
[WhiteFideId "30915856"]
[BlackFideId "718050"]
[WhiteElo "2429"]
[BlackElo "2059"]
[Result "1-0"]
[Round "07"]
[TimeControl "180+1"]
[Date "2022.04.19"]
[WhiteClock "0:01:07"]
[BlackClock "0:01:16"]

1. e4 e6 2. d4 d5 3. Nc3 Bb4 4. exd5 exd5 5. Bd3 Ne7 6. a3 Bxc3+ 7. bxc3 Bf5 8. Rb1 b6 9. Nf3 O-O 10. O-O Nbc6 11. Re1 Re8 12. Bf4 Qd7 13. Ne5 Nxe5 14. Bxe5 f6 15. Bg3 Rac8 16. Qf3 Bxd3 17. cxd3 Ng6 18. Rbd1 Rxe1+ 19. Rxe1 Re8 20. Rxe8+ Qxe8 21. Qxd5+ Kh8 22. Qe4 Qd7 23. Bxc7 Ne7 24. Bg3 h6 25. h4 Nd5 26. c4 Ne7 27. d5 Nf5 28. Bb8 g6 29. d6 Kg7 30. Qd5 Nxh4 31. d4 Qg4 32. d7 Qd1+ 33. Kh2 Nf5 34. f3 Qe1 35. Qe4 Ne3 36. d8=Q Nf1+ 37. Kh3 Qg3+ 38. Bxg3 1-0


[Site "https://www.chess.com"]

[Event "Titled Tuesday Blitz April 19 Late 2022"]
[White "Kujawski, Adam"]
[Black "Marin Masis, Jose Esteban"]
[WhiteFideId "1100920"]
[BlackFideId "6508146"]
[WhiteElo "2053"]
[BlackElo "1710"]
[Result "0-1"]
[Round "07"]
[TimeControl "180+1"]
[Date "2022.04.19"]
[WhiteClock "0:00:06"]
[BlackClock "0:00:09"]

1. e4 c5 2. Nf3 Nc6 3. Nc3 Nf6 4. d4 cxd4 5. Nxd4 e5 6. Ndb5 d6 7. Bg5 a6 8. Na3 b5 9. Bxf6 gxf6 10. Nd5 f5 11. c3 Bg7 12. exf5 Bxf5 13. Nc2 O-O 14. Nce3 Be6 15. Bd3 f5 16. O-O Ra7 17. a4 Ne7 18. Nxe7+ Rxe7 19. axb5 axb5 20. Bxb5 d5 21. Ra6 f4 22. Rxe6 Rxe6 23. Qxd5 Qxd5 24. Nxd5 e4 25. Bc4 Kh8 26. b3 Re5 27. Re1 f3 28. gxf3 exf3 29. Re3 Rxe3 30. fxe3 f2+ 31. Kf1 Be5 32. h3 Bg3 33. Be2 Ra8 34. Kg2 Bh4 35. Nb4 Rg8+ 36. Kf3 Rg1 37. Nd3 f1=Q+ 38. Bxf1 Rxf1+ 39. Ke4 Rf8 40. b4 Re8+ 41. Kf3 Rc8 42. Nc5 Be7 43. Ne4 Kg8 44. b5 Rb8 45. c4 Kf7 46. Kf4 Bd8 47. Ke5 Bc7+ 48. Kd5 Rd8+ 49. Kc6 Bh2 50. c5 Re8 51. Nc3 Rxe3 52. Nd5 Re6+ 53. Kd7 Re5 54. Kc6 Re6+ 55. Kd7 Re1 56. c6 Rd1 57. c7 Rxd5+ 58. Kc6 Rd1 59. Kc5 Rc1+ 60. Kb6 Rxc7 61. Ka6 Rc1 62. b6 Ra1+ 63. Kb5 Rb1+ 64. Kc6 Kg6 65. b7 Kf5 66. Kd5 Bb8 67. Kd4 h5 68. Ke3 Rxb7 69. Kf3 Rg7 0-1


[Site "https://www.chess.com"]

[Event "Titled Tuesday Blitz April 19 Late 2022"]
[White "Lehtosaari, Mauri"]
[Black "Vujic, Mihailo"]
[WhiteFideId "501999"]
[BlackFideId "918873"]
[WhiteElo "2458"]
[BlackElo "2256"]
[Result "0-1"]
[Round "07"]
[TimeControl "180+1"]
[Date "2022.04.19"]
[WhiteClock "0:00:02"]
[BlackClock "0:00:18"]

1. d4 d5 2. Nf3 Nc6 3. Bg5 Bg4 4. Nbd2 f6 5. Bh4 Nh6 6. c3 Qd7 7. e3 Nf5 8. Bg3 Nxg3 9. hxg3 e5 10. Qa4 e4 11. Ng1 Qd6 12. Bb5 Bd7 13. Qd1 O-O-O 14. a4 Ne7 15. Bxd7+ Qxd7 16. Ne2 h5 17. a5 a6 18. c4 Re8 19. Nc3 g6 20. Qb3 c6 21. cxd5 Nxd5 22. Nc4 Kb8 23. Nb6 Nxb6 24. Qxb6 Bd6 25. Na4 Qf5 26. Nc5 Bxc5 27. dxc5 Rd8 28. Qb4 Rd5 29. Rc1 Rhd8 30. O-O h4 31. gxh4 Qg4 32. g3 g5 33. Rc4 f5 34. Qc3 gxh4 35. Qf6 hxg3 0-1


[Site "https://www.chess.com"]

[Event "Titled Tuesday Blitz April 19 Late 2022"]
[White "Leiva, Gianmarco"]
[Black "Spata, German"]
[WhiteFideId "3804399"]
[BlackFideId "113026"]
[WhiteElo "2323"]
[BlackElo "2238"]
[Result "1-0"]
[Round "07"]
[TimeControl "180+1"]
[Date "2022.04.19"]
[WhiteClock "0:00:53"]
[BlackClock "0:00:11"]

1. e4 d6 2. Nf3 g6 3. d4 Bg7 4. c3 c6 5. Bd3 Qc7 6. O-O Nd7 7. a4 a5 8. Nbd2 Ngf6 9. Re1 e5 10. dxe5 Nxe5 11. Nxe5 dxe5 12. Nc4 O-O 13. Be3 Nd7 14. Bc2 b6 15. Qd6 Qxd6 16. Nxd6 Ba6 17. Rad1 Nc5 18. Bxc5 bxc5 19. Bd3 Rfd8 20. Bxa6 Rxa6 21. Nc4 Raa8 22. Kf1 f6 23. Ke2 Bf8 24. Rxd8 Rxd8 25. Rd1 Be7 26. Nxa5 Ra8 27. Nxc6 Bf8 28. a5 Ra6 29. Kd3 Rxc6 30. Kc4 Rc8 31. a6 Ra8 32. Kb5 Rb8+ 33. Kc6 Rxb2 34. Ra1 1-0


[Site "https://www.chess.com"]

[Event "Titled Tuesday Blitz April 19 Late 2022"]
[White "Lewtak, Damian"]
[Black "Leitao, Rafael"]
[WhiteFideId "1141724"]
[BlackFideId "2101246"]
[WhiteElo "2362"]
[BlackElo "2609"]
[Result "1/2-1/2"]
[Round "07"]
[TimeControl "180+1"]
[Date "2022.04.19"]
[WhiteClock "0:00:15"]
[BlackClock "0:00:30"]

1. a3 a6 2. e4 c5 3. Nf3 d6 4. b4 b6 5. Bb2 Bb7 6. d3 Nf6 7. Nbd2 e6 8. g3 Be7 9. Bg2 O-O 10. O-O Nc6 11. e5 dxe5 12. Nxe5 Qc7 13. bxc5 bxc5 14. Ng4 Nxg4 15. Qxg4 Nd4 16. Bxd4 cxd4 17. Bxb7 Qxb7 18. Nc4 Rab8 19. Rab1 Qxb1 20. Rxb1 Rxb1+ 21. Kg2 Bf6 22. Qe4 h5 23. Qc6 h4 24. Qxa6 Rfb8 25. Qd6 Rd8 26. Qc6 Rc1 27. Nd6 Be7 28. Qc7 Kf8 29. Nc8 Bf6 30. a4 Ra1 31. a5 Rxa5 32. Qxa5 Rxc8 33. Qa4 hxg3 34. hxg3 g5 35. Kf3 Kg7 36. Qb3 Rc3 37. Qa4 Rc5 38. Kg2 Rc3 39. Qa2 Rc5 40. f4 gxf4 41. gxf4 Rf5 42. Kg3 Rc5 43. Qa4 Rf5 44. Kg4 Rd5 45. Qc6 Rf5 46. Qe4 Rd5 47. Kg3 Rf5 48. Kg4 Rd5 49. Kg3 Rf5 50. Kg4 1/2-1/2


[Site "https://www.chess.com"]

[Event "Titled Tuesday Blitz April 19 Late 2022"]
[White "Lin, Dachey"]
[Black "Dobrov, Vladimir"]
[WhiteFideId "2029650"]
[BlackFideId "4136594"]
[WhiteElo "2313"]
[BlackElo "2575"]
[Result "0-1"]
[Round "07"]
[TimeControl "180+1"]
[Date "2022.04.19"]
[WhiteClock "0:00:47"]
[BlackClock "0:01:35"]

1. Nc3 d5 2. e4 c6 3. Nf3 Bg4 4. h3 Bxf3 5. Qxf3 e6 6. d3 Nd7 7. Bd2 Ne7 8. g4 Ng6 9. Qg3 Bb4 10. O-O-O d4 11. Ne2 Bxd2+ 12. Rxd2 Qa5 13. a3 e5 14. h4 b5 15. h5 Ngf8 16. f4 b4 17. fxe5 bxa3 18. bxa3 Qxa3+ 19. Kd1 Rb8 20. Ke1 Qa5 21. Nxd4 Qa1+ 22. Ke2 Qxd4 23. h6 g6 24. g5 Ne6 25. Bh3 Qxe5 26. Qe3 Nf4+ 27. Kf3 Nxh3 28. Rxh3 c5 29. c3 Qxc3 30. e5 O-O 31. Re2 Rbe8 32. Kf4 Nxe5 0-1


[Site "https://www.chess.com"]

[Event "Titled Tuesday Blitz April 19 Late 2022"]
[White "Lock, Gavin R"]
[Black "Bas Mas, Jose Joaquin"]
[WhiteFideId "408646"]
[BlackFideId "22219064"]
[WhiteElo "2104"]
[BlackElo "2212"]
[Result "1-0"]
[Round "07"]
[TimeControl "180+1"]
[Date "2022.04.19"]
[WhiteClock "0:00:02"]
[BlackClock "0:00:03"]

1. d4 f5 2. Nc3 Nf6 3. Bf4 d5 4. Nb5 Na6 5. e3 c6 6. Nc3 Nc7 7. Nf3 Ne6 8. Be5 Nd7 9. Bg3 g6 10. Bd3 Bg7 11. Ne2 O-O 12. O-O Nf6 13. c4 Ne4 14. b4 Nxg3 15. hxg3 Nc7 16. Rb1 Be6 17. Qc2 h6 18. Rfc1 Bf7 19. a4 dxc4 20. Bxc4 Nd5 21. b5 Qa5 22. bxc6 bxc6 23. Rb7 Rab8 24. Rcb1 Rxb7 25. Rxb7 Bf6 26. Nf4 Nxf4 27. gxf4 Rc8 28. Bxf7+ Kxf7 29. g3 Qd5 30. Qb3 Qxb3 31. Rxb3 Rc7 32. Kf1 Ke6 33. Ke2 Kd5 34. Kd3 e6 35. Rb8 g5 36. Rf8 Be7 37. Re8 gxf4 38. gxf4 Bd6 39. Ne5 c5 40. Rd8 c4+ 41. Nxc4 1-0


[Site "https://www.chess.com"]

[Event "Titled Tuesday Blitz April 19 Late 2022"]
[White "Lopez Idarraga, Daniel Eduardo"]
[Black "Ozdemir, Serhan Berat"]
[WhiteFideId "4405501"]
[BlackFideId "6374611"]
[WhiteElo "2055"]
[BlackElo "1920"]
[Result "0-1"]
[Round "07"]
[TimeControl "180+1"]
[Date "2022.04.19"]
[WhiteClock "0:01:46"]
[BlackClock "0:00:19"]

1. d4 Nf6 2. Nf3 g6 3. Nc3 d5 4. Bf4 Bg7 5. e3 O-O 6. Ne5 c5 7. Qd2 Nc6 8. O-O-O Qa5 9. Kb1 cxd4 10. exd4 Bf5 11. f3 Nb4 12. Nd3 Rac8 13. a3 Nc6 14. g4 Be6 15. Ne5 Nxe5 16. Bxe5 Rc6 17. h4 Rfc8 18. Bxf6 Bxf6 19. Ne4 Qa4 20. Nxf6+ exf6 21. Bd3 Rb6 22. Ka2 Qxd4 23. h5 Qxb2# 0-1


[Site "https://www.chess.com"]

[Event "Titled Tuesday Blitz April 19 Late 2022"]
[White "Maevsky, Nikolay"]
[Black "Kalogridis, Antonios"]
[WhiteFideId "4198220"]
[BlackFideId "25833901"]
[WhiteElo "2126"]
[BlackElo "1596"]
[Result "1/2-1/2"]
[Round "07"]
[TimeControl "180+1"]
[Date "2022.04.19"]
[WhiteClock "0:00:09"]
[BlackClock "0:00:18"]

1. b4 e5 2. Bb2 Bxb4 3. Bxe5 Nf6 4. e3 O-O 5. Nf3 Nc6 6. Bb2 d5 7. Be2 Re8 8. O-O a5 9. c4 Bg4 10. cxd5 Nxd5 11. a3 Bf8 12. h3 Bh5 13. d3 Qe7 14. Qc1 Nf4 15. exf4 Qxe2 16. Ne5 Nxe5 17. fxe5 Qxd3 18. Qxc7 Rac8 19. Qxa5 Rc2 20. Bc3 Bc5 21. Qxc5 Rd8 22. Qb4 h6 23. Re1 Kh7 24. Nd2 Rxc3 25. Nf1 Rb3 26. Qe4+ Qxe4 27. Rxe4 Ra8 28. Re3 Rb5 29. f4 Bg6 30. g4 Bc2 31. Rc3 Be4 32. Nd2 Bd5 33. Kf2 Rb2 34. Ke3 Bc6 35. Rb1 Ra2 36. Rbb3 Bd5 37. Rb5 R2xa3 38. Rxa3 Rxa3+ 39. Kd4 Bc6 40. Rb3 Ra1 41. f5 Rd1 42. Kc3 Rh1 43. Kc4 Rd1 44. Rd3 Re1 45. Kd4 Rd1 46. Nb3 Re1 47. Nc5 Kg8 48. e6 Kf8 49. Re3 Rxe3 50. Kxe3 fxe6 51. Nxe6+ Kf7 52. Kd4 Kf6 53. h4 Bf3 54. g5+ hxg5 55. hxg5+ Kxf5 56. Nxg7+ Kxg5 57. Ne6+ Kf6 58. Nc5 b6 59. Nd7+ Ke7 60. Nxb6 1/2-1/2


[Site "https://www.chess.com"]

[Event "Titled Tuesday Blitz April 19 Late 2022"]
[White "Martic, Ivan"]
[Black "Miszler, Levente"]
[WhiteFideId "929301"]
[BlackFideId "763276"]
[WhiteElo "2317"]
[BlackElo "1966"]
[Result "1-0"]
[Round "07"]
[TimeControl "180+1"]
[Date "2022.04.19"]
[WhiteClock "0:01:33"]
[BlackClock "0:01:13"]

1. e4 e6 2. d4 d5 3. e5 c5 4. c3 Nc6 5. Nf3 Bd7 6. Be2 f6 7. O-O fxe5 8. Nxe5 Nxe5 9. dxe5 Qc7 10. c4 Bc6 11. Nc3 d4 12. Nb5 Bxb5 13. cxb5 g6 14. Bg4 Bg7 15. Bxe6 Ne7 16. f4 Rd8 17. Qd3 c4 18. Bxc4 Nf5 19. Bd2 Ne3 20. Rfc1 Qb6 21. a4 Nxc4 22. Rxc4 O-O 23. Rac1 g5 24. g3 gxf4 25. gxf4 Qe6 26. Rc7 Kh8 27. Qe4 Rg8 28. Kh1 Qh3 29. Rg1 Bh6 30. Qxh7# 1-0


[Site "https://www.chess.com"]